 Dungeon Crawl Stone Soup version 0.30-a0-948-g4fa250aae5 (webtiles) character file.

Game seed: 1162915689895039337

7 jimonade the Trooper (level 2, 0/27 HPs)
             Began as a Hill Orc Fighter on Mar 26, 2023.
             Slain by Jessica
             ... wielding a +0 club
              (3 damage)
             ... on level 2 of the Dungeon.
             The game lasted 00:00:52 (421 turns).

jimonade the Trooper (Hill Orc Fighter)              Turns: 421, Time: 00:00:53

Health: 0/27       AC:  6    Str: 18    XL:     2   Next: 4%
Magic:  2/2        EV:  9    Int:  8    God:
Gold:   27         SH:  4    Dex: 10    Spells: 1/1 levels left

rFire   . . .      SeeInvis .    a - +0 war axe
rCold   . . .      Faith    .    c - +0 buckler
rNeg    . . .      Spirit   .    b - +0 scale mail
rPois   .          Reflect  .    (no helmet)
rElec   .          Rampage  .    (no cloak)
rCorr   .                        (no gloves)
Will    .....                    (no boots) Stlth
                                 (no amulet)
HPRegen 0.24/turn                (no ring)
MPRegen 0.08/turn                (no ring)

@: slowed, very slow
A: no striking features
a: no special abilities


You were on level 2 of the Dungeon.
You visited 1 branch of the dungeon, and saw 2 of its levels.

You collected 27 gold pieces.

Inventory:

Hand Weapons
 a - a +0 war axe (weapon)
 f - a +0 mace of pain
Armour
 b - a +0 scale mail (worn)
 c - a +0 buckler (worn)
Potions
 d - a potion of might
 e - a potion of lignification {unknown}


   Skills:
 + Level 3.8 Fighting
 + Level 2.8 Axes
 + Level 3.4 Armour
 + Level 3.4 Shields
 * Level 0.5 Invocations


You had one spell level left.
You didn't know any spells.
Your spell library contained the following spells:

 Spells                   Type           Power      Damage    Failure   Level
 Sting                    Tmut/Pois      0%         1d3       87%         1
 Poisonous Vapours        Pois/Air       0%         N/A       95%         2
 Olgreb's Toxic Radiance  Pois           0%         N/A       100%        4


Dungeon Overview and Level Annotations

Branches:
Dungeon (2/15)

Altars:

Annotations:
D:2 Jessica


Message History

Found a stone staircase leading up.
There is an open door here.
Found a stone staircase leading down.
A frilled lizard comes into view.
You closely miss the frilled lizard. You block the frilled lizard's attack.
The frilled lizard bites you but does no damage.
You hit the frilled lizard.
You kill the frilled lizard!
You have reached level 2!
You now have 27 gold pieces (gained 13).
Jessica and a frilled lizard come into view.
Jessica shouts!
The frilled lizard hisses angrily.
There are monsters nearby!
Jessica mumbles some strange words.
Jessica blinks!
You hit the frilled lizard.
You kill the frilled lizard!
Jessica casts a spell.
Jessica seems to speed up.
Jessica casts a spell at you. Pain shoots through your body!
You closely miss Jessica. Jessica hits you with a +0 club.
Jessica gestures at you while chanting.
You feel yourself slow down. Jessica barely misses you.
You closely miss Jessica. Jessica hits you with a +0 club.
* * * LOW HITPOINT WARNING * * *
Jessica gestures at you while chanting.
You barely resist. Jessica hits you with a +0 club.
* * * LOW HITPOINT WARNING * * *
You barely miss Jessica. You block Jessica's attack.
Jessica hits you but does no damage. x2
You hit Jessica.
Jessica is lightly wounded.
Jessica closely misses you. Jessica hits you with a +0 club.
* * * LOW HITPOINT WARNING * * *
Jessica barely misses you.
You hit Jessica.
Jessica is severely wounded.
Jessica hits you with a +0 club.
You die...

#...#.#.# .# ......
#.# ###.#.#.# .
..... ... #.#.#.#
.#.... . ...
#.#.#.# ..... ..
....
#.#.#.#########...
... ....
#.#.#............
...
#.#.............#
..
#........######@#.#
#.............@...#
#........######.###
..............# #.#
########.#.##.# #.#
#.#.# # #.# #.#.#
#.# #.#.# #.# #.#.#
#.# #.#.#


You could see Jessica (fast).

Vanquished Creatures
  2 bats
  A hobgoblin (D:2)
  A ball python (D:1)
  3 frilled lizards
  2 rats
9 creatures vanquished.

Notes
Turn   | Place    | Note
-------+----------+-------------------------------------------
     0 | D:1      | jimonade the Hill Orc Fighter began the quest for the Orb.
     0 | D:1      | Reached XP level 1. HP: 19/19 MP: 1/1
   184 | D:1      | You fall into a shaft and drop 1 floor!
   380 | D:2      | Reached XP level 2. HP: 27/27 MP: 2/2
   407 | D:2      | Noticed Jessica
   421 | D:2      | Slain by Jessica

Illustrated notes

Levels and vault maps discovered:
D:1:      dpeg_arrival_castle, layout_rooms, kennysheep_another_room
D:2:      layout_basic, serial_curves, eino_curves_02, eino_curves_04,
          eino_curves_02, uniq_jessica, uniq_crazy_yiuf_cottage, uniq_sigmund

Action                     || total
---------------------------++-------
  Melee: War axe           ||    28
 Armour: Scale mail        ||    13
  Dodge: Dodged            ||    14
  Block: Buckler           ||    13

Table legend: (Time is in decaauts)
 A = Elapsed time spent in this place.
 B = Non-inter-level travel time spent in this place.
 C = Inter-level travel time spent in this place.
 D = Time resting spent in this place.
 E = Time spent auto-exploring this place.
 F = Levels seen in this place.
 G = Mean time per level.
                   A        B        C        D        E       F      G
               +--------+--------+--------+--------+--------+-----+--------+
         Total |    434 |    434 |      0 |      0 |    309 |   2 |  217.0 |
       Dungeon |    434 |    434 |      0 |      0 |    309 |   2 |  217.0 |
               +--------+--------+--------+--------+--------+-----+--------+

Top non-repeatable levels by time:
     D:2: 245 daAuts
     D:1: 189 daAuts
